AoeStats
← 逍遥场口

Lombardia

508444334Analyzed
3v3 RM · 10d ago on Sep 22, 2026· 19m 30s· 6 players
Game mode
Random Map
Map size
Normal (6 player)
Population
200
Speed
Normal
Resources
Standard
Victory
Conquest
Starting age
Dark Age
Ending age
Imperial Age
RankedLock teamsTeams togetherTeam positionsShared explorationLock speedFull tech treeHidden civsTurbo modeCheats
Victory
Defeat
🇦🇷 Bohemians · Argentina
1572
+9
🇦🇷 Ethiopians · Argentina
1545
+10
🇦🇷 Khmer · Argentina
1523
+11
🇨🇳 Persians · China
1469
-13
🇨🇳 Magyars · China
1412
-10
🇨🇳 Franks · China
1329
-7
只会种田
10:40 Feudal Age
11:53 Double-Bit Axe
12:05 Loom
13:01 Horse Collar
13:34 Loom
18:47 Castle Age
逍遥场口
10:23 Feudal Age
10:28 Loom
16:56 Castle Age
16:29 Horse Collar
16:47 Double-Bit Axe
xcfotrp131
11:07 Feudal Age
16:42 Scale Barding Armor
[GdSur] Fedee
5:45 Loom
8:48 Feudal Age
9:26 Double-Bit Axe
19:59 Castle Age
19:01 Scale Barding Armor
19:06 Forging
20:14 Bloodlines
♣ Juanmpi ♣
9:46 Feudal Age
9:35 Loom
10:25 Double-Bit Axe
13:34 Fletching
SinD2 | Mockingbird
6:42 Loom
9:20 Feudal Age
9:49 Double-Bit Axe
14:42 Town Watch
15:15 Fletching
16:26 Horse Collar
Connection lost

Rejoining the realm…

Still unreachable

The connection could not be restored.

Session expired

The server has moved on; the page needs a fresh start.